 Dungeon Crawl Stone Soup version 0.31.0-11-ge490571c62 (webtiles) character file.

Game seed: 2009267735844772029

199 EonDragon20 the Chiller (level 5, -10/38 HPs)
             Began as a Merfolk Ice Elementalist on Feb 8, 2024.
             Mangled by a gnoll
             ... wielding a +0 flail
             ... led by a gnoll bouda
              (13 damage)
             ... on level 3 of the Dungeon.
             The game lasted 00:06:44 (2111 turns).

EonDragon20 the Chiller (Merfolk Ice Elementalist)  Turns: 2111, Time: 00:06:45

Health: -10/38     AC:  3    Str:  8    XL:     5   Next: 77%
Magic:  1/9        EV: 13    Int: 17    God:
Gold:   81         SH:  0    Dex: 14    Spells: 2/9 levels left

rFire   . . .        h - +0 spear
rCold   . . .        (no shield)
rNeg    . . .        a - +0 robe
rPois   .            (no helmet)
rElec   .            n - +0 cloak
rCorr   .            (no gloves)
SInv    +            (no boots)
Will    .....        (no amulet)
Stlth   ++           e - ring of see invisible
HPRegen 0.26/turn    (no ring)
MPRegen 0.11/turn

%: no passive effects
@: no status effects
A: (nimble swimmer 2), mertail
a: no special abilities


You were on level 3 of the Dungeon.
You visited 1 branch of the dungeon, and saw 3 of its levels.

You collected 81 gold pieces.

Inventory:

Hand Weapons
 h - a +0 spear (weapon)
Armour
 a - a +0 robe (worn)
 n - a +0 cloak (worn)
Jewellery
 e - a ring of see invisible (left hand)
Wands
 m - a wand of roots (6)
Scrolls
 c - a scroll of butterflies {unknown}
 d - a scroll of immolation {unknown}
 g - a scroll of teleportation {unknown}
 i - a scroll of identify {unknown}
 k - a scroll of revelation {unknown}
Potions
 b - a potion of enlightenment {unknown}
 f - a potion of degeneration {unknown}
 j - a potion of cancellation {unknown}
 l - a potion of curing {unknown}


   Skills:
 * Level 2.3 Fighting
 * Level 4.2 Dodging
 - Level 2.1 Stealth
 * Level 2.9 Spellcasting
 + Level 5.8 Ice Magic


You had 2 spell levels left.
You knew the following spells:

 Your Spells              Type           Power      Damage    Failure   Level
a - Freeze                Ice            88%        1d9       1%          1
b - Frozen Ramparts       Ice            44%        1d7       4%          3
c - Ozocubu's Armour      Ice            22%        N/A       4%          3

Your spell library contained the following spells:

 Spells                   Type           Power      Damage    Failure   Level
 Ensorcelled Hibernation  Hex/Ice        24%        N/A       9%          2
 Summon Small Mammal      Summ           8%         N/A       19%         1
 Summon Ice Beast         Ice/Summ       12%        N/A       16%         3
 Call Canine Familiar     Summ           2%         N/A       47%         3
 Passwall                 Erth           2%         N/A       47%         3
 Sigil of Binding         Hex            2%         N/A       47%         3
 Swiftness                Air            2%         N/A       47%         3
 Dimensional Bullseye     Hex/Tloc       1%         N/A       87%         4
 Summon Blazeheart Golem  Fire/Summ      2%         N/A       87%         4


Dungeon Overview and Level Annotations

Branches:
Dungeon (3/15)

Altars:

Shops:
D:1 *


Innate Abilities, Weirdness & Mutations

((You are very nimble when in or above water. (Stealth+, EV+, Speed+++)))
Your lower body shifts to a powerful aquatic tail in water.


Message History

The wall freezes the gnoll.
You kill the gnoll!
Reach: h) +0 spear
Press: ? - help, Dir - move target, f - gnoll
Aim: a gnoll, wielding a +0 spear and quivering a throwing net (about 35% to evade your +0 spear)
You reach to attack!
You hit the gnoll but do no damage.
The wall freezes the gnoll.
The gnoll hits you from afar with a +0 spear.
Reach: h) +0 spear
Press: ? - help, Dir - move target, f/p - gnoll
Aim: a gnoll, wielding a +0 spear and quivering a throwing net (moderately wounded, about 35% to evade your +0 spear)
You reach to attack!
You barely miss the gnoll.
The gnoll is moderately wounded.
The wall freezes the gnoll.
The wall freezes the gnoll but does no damage.
The gnoll misses you.
Unknown command.
Reach: h) +0 spear
Press: ? - help, Dir - move target, f/p - gnoll
Aim: a gnoll, wielding a +0 spear and quivering a throwing net (moderately wounded, about 35% to evade your +0 spear)
You reach to attack!
You closely miss the gnoll.
The gnoll is moderately wounded.
The wall freezes the gnoll!
The wall freezes the gnoll but does no damage.
The gnoll barely misses you.
Reach: h) +0 spear
Press: ? - help, Dir - move target, f/p - gnoll
Aim: a gnoll, wielding a +0 spear and quivering a throwing net (moderately wounded, about 35% to evade your +0 spear)
You reach to attack!
You hit the gnoll but do no damage.
The gnoll is moderately wounded.
The frozen ramparts melt away.
The gnoll hits you with a +0 flail!
* * * LOW HITPOINT WARNING * * *
The gnoll throws a throwing net.
The throwing net misses you.
Okay, then.
Okay, then.
The gnoll attacks as it pursues you!
The gnoll hits you from afar with a +0 spear.
* * * LOW HITPOINT WARNING * * *
The gnoll hits you with a +0 flail!
You die...

###...# #..# ##...#
###.#. ###..#)###...<.
#..........####
#.....#..#..###
..........#....## #
###...##.........# #.#
#(#.#.###.........
#...#@#...###.........
#..g###............
#.#g#)#)#g........#
#.#.#)##.....##...##
..#.#.#..###..######
..#.#.#)#..(#..#
##..#.#.#.†###..#
.##.#.#†##.)g(.# #
#=#.#.# #.#...#


You could see 2 gnolls.

Vanquished Creatures
  A scorpion (D:2)
  A gnoll bouda (D:3)
  3 gnolls (D:3)
  3 adders
  A ribbon worm (D:2)
  A dart slug (D:1)
  8 endoplasms
  2 giant cockroaches
  4 goblins
  2 hobgoblins (D:2)
  5 jackals
  5 kobolds
  4 quokkas
  5 ball pythons
  5 bats
  A frilled lizard (D:2)
  4 rats
55 creatures vanquished.

Notes
Turn   | Place    | Note
-------+----------+-------------------------------------------
     0 | D:1      | EonDragon20 the Merfolk Ice Elementalist began the quest
                  | for the Orb.
     0 | D:1      | Reached XP level 1. HP: 13/13 MP: 3/3
    27 | D:1      | Found Zelaf's General Store.
   209 | D:1      | Reached XP level 2. HP: 5/19 MP: 3/5
   367 | D:1      | Reached skill level 5 in Ice Magic
   657 | D:1      | Reached XP level 3. HP: 23/24 MP: 4/6
   884 | D:1      | Learned a level 3 spell: Frozen Ramparts
  1368 | D:2      | Reached XP level 4. HP: 31/31 MP: 7/7
  1404 | D:2      | Noticed a scorpion
  1414 | D:2      | Killed a scorpion
  1415 | D:2      | Reached skill level 1 in Fighting
  1472 | D:2      | Learned a level 3 spell: Ozocubu's Armour
  1494 | D:2      | Reached XP level 5. HP: 29/37 MP: 4/8
  2111 | D:3      | Mangled by a gnoll

Illustrated notes

Levels and vault maps discovered:
D:1:      lemuel_arrival_room, layout_basic, serial_shops, shop,
          minmay_misc_feat_rows, minmay_tromino_v7
D:2:      layout_loops_ring, kennysheep_doodads
D:3:      minmay_wonky_spiral, layout_rooms, grunt_dithmenos_smoke,
          minmay_starry_boxes

Skill      XL: |  1  2  3  4  5 |
---------------+----------------+-----
Ice Magic      | 5 |  5.8
Dodging        | 3 4 |  4.2
Fighting       | 1 2 |  2.3
Stealth        | |  2.1
Spellcasting   | |  2.9

Action                     |  1- 3 |  4- 6 || total
---------------------------+-------+-------++-------
  Melee: Unarmed           |    10 |       ||    10
         Spear             |    25 |    36 ||    61
   Cast: Freeze            |    29 |     3 ||    32
         Frozen Ramparts   |     6 |    12 ||    18
         Ozocubu's Armour  |       |     1 ||     1
    Use: Potion            |     1 |       ||     1
 Armour: Robe              |    30 |    29 ||    59
  Dodge: Dodged            |    59 |    24 ||    83
